 Dungeon Crawl Stone Soup version 0.26-a0-466-g989023bd0d (webtiles) character file.

Game seed: 14248414924173043096

490 KristoblXynda the Ruffian (level 6, -13/53 HPs)
             Began as a Troll Hedge Wizard on Aug 2, 2020.
             Was an Initiate of Ashenzari.
             Mangled by an orc warrior
             ... wielding a +0 glaive
              (25 damage)
             ... on level 6 of the Dungeon.
             The game lasted 00:06:23 (3770 turns).

KristoblXynda the Ruffian (Troll Hedge Wizard)      Turns: 3770, Time: 00:06:23

Health: -13/53     AC:  6    Str: 19    XL:     6   Next: 90%
Magic:  8/8        EV: 11    Int: 12    God:    Ashenzari [......]
Gold:   279        SH:  0    Dex:  9    Spells: 8/9 levels left

rFire    . . .     SeeInvis .     - Unarmed
rCold    . . .     Faith    .   (no shield)
rNeg     . . .     Spirit   .   b - +0 robe
rPois    +         Reflect  .   c - +0 hat
rElec    .         Harm     .   (no cloak)
rCorr    .                      (gloves unavailable)
MR       .....                  (boots unavailable)
Stlth    ++........             (no amulet)
HPRegen  0.57/turn              l - ring of stealth (curse)
MPRegen  0.11/turn              v - ring of poison resistance

@: no status effects
A: large, unfitting armour, claws 3, regeneration 1, shaggy fur 1, tough skin 3
a: Curse Item, Renounce Religion


You were on level 6 of the Dungeon.
You worshipped Ashenzari.
Ashenzari was noncommittal.
You visited 1 branch of the dungeon, and saw 6 of its levels.

You collected 279 gold pieces.

Inventory:

Armour
 b - a +0 robe (worn)
 c - a +0 hat (worn)
Jewellery
 l - a cursed ring of stealth (left claw)
 o - an uncursed ring of flight
 v - a ring of poison resistance (right claw)
Wands
 k - a wand of polymorph (11)
 n - a wand of clouds (2)
 s - a wand of flame (21)
 y - a wand of iceblast (10)
Scrolls
 a - 3 scrolls of enchant armour {unknown}
 d - a scroll of enchant weapon {unknown}
 f - 5 scrolls of amnesia {unknown}
 h - 3 scrolls of teleportation {unknown}
 q - 2 scrolls of remove curse
 r - a scroll of noise {unknown}
 u - a scroll of fog {unknown}
 x - a scroll of immolation {unknown}
Potions
 e - a potion of invisibility
 g - a potion of haste
 i - a potion of berserk rage {unknown}
 j - 2 potions of brilliance
 m - 2 potions of heal wounds
 p - a potion of stabbing {unknown}
 t - a potion of curing {unknown}
 w - a potion of lignification
 z - 2 potions of degeneration {unknown}
 A - a potion of resistance {unknown}


   Skills:
 + Level 3.7 Dodging
 - Level 1.0 Stealth
 + Level 3.9 Unarmed Combat
 - Level 2.0 Spellcasting
 + Level 3.1 Conjurations
   Level 0.6 Summonings
   Level 0.6 Translocations


You had 8 spell levels left.
You knew the following spells:

 Your Spells              Type           Power        Failure   Level
a - Magic Dart            Conj           #...         8%          1

Your spell library contained the following spells:

 Spells                   Type           Power        Failure   Level
 Animate Skeleton         Necr           #.....       26%         1
 Pain                     Necr           #...         26%         1
 Blink                    Tloc           N/A          32%         2
 Call Imp                 Summ           #.......     32%         2
 Slow                     Hex            #.......     38%         2
 Conjure Flame            Conj/Fire      #.......     41%         3
 Mephitic Cloud           Conj/Pois/Air  #.......     47%         3
 Vampiric Draining        Necr           #.........   63%         3
 Animate Dead             Necr           #.........   95%         4
 Agony                    Necr           #.......     100%        5


Dungeon Overview and Level Annotations

Branches:
Dungeon (6/15)             Temple (0/1) D:6

Altars:
Ashenzari
Okawaru
Qazlal
Sif Muna
Vehumet
The Shining One

Annotations:
D:4 2 runed translucent doors, Lanoc's ghost, amateur PaBe


Innate Abilities, Weirdness & Mutations

You are too large for most types of armour.
You have claws for hands.
Your natural rate of healing is unusually fast.
You are covered in fur. (AC +1)
You have extremely tough skin. (AC +3)


Message History

The orc throws a boomerang.
The boomerang hits you.
The weapon returns to the orc!
The orc warrior hits you from afar with a +0 glaive!
The orc throws a boomerang.
The boomerang misses you.
The weapon returns to the orc!
The orc throws a boomerang.
The boomerang closely misses you.
The weapon returns to the orc!
The gnoll hits you from afar with a +0 spear!
The gnoll barely misses you.
Found a stone staircase leading up.
The gnoll hits you from afar with a +0 spear!
The orc wizard gestures wildly while chanting.
The orc wizard flickers and vanishes!
Deactivating autopickup; reactivate with Ctrl-A.
The orc warrior barely misses you. The gnoll hits you with a +0 spear!
You hear some strange, mumbled words.
The orc shouts!
You scratch the gnoll but do no damage. The gnoll hits you with a +0 spear!
* * * LOW HITPOINT WARNING * * *
The orc warrior hits you from afar with a +0 glaive!!
You die...

##........ <#........
......... ## #......
##.. #......
#...###....#
..............#########
.....#.....#o..g@.....#
...###..>..###o#####.##
.o...#.....#...#
......o......o##
.......###o....##
........#.......#
........#.........#
o....#....o..)......
.....)..............


You could see an orc warrior, a gnoll and 2 orcs.

Vanquished Creatures
  A water moccasin zombie (D:2)
  A centaur skeleton (D:5)
  A hound (D:4)
  A bullfrog skeleton (D:5)
  Ijyb (D:5)
  3 orc wizards
  A worker ant (D:5)
  3 gnolls (D:4)
  7 adders
  2 white imps
  An adder zombie (D:6)
  2 worms (D:2)
  4 dart slugs
  5 leopard geckos
  7 orcs
  7 bats
  4 giant cockroaches
  7 hobgoblins
  5 jackals
  3 quokkas
  2 ball pythons
  A ball python skeleton (D:4)
  4 frilled lizards
  12 goblins
  5 kobolds
  A leopard gecko skeleton (D:5)
  7 rats
98 creatures vanquished.

Notes
Turn   | Place    | Note
-------+----------+-------------------------------------------
     0 | D:1      | KristoblXynda the Troll Hedge Wizard began the quest for
                  | the Orb.
     0 | D:1      | Reached XP level 1. HP: 16/16 MP: 2/2
    56 | D:1      | Reached skill level 1 in Conjurations
    88 | D:1      | Reached XP level 2. HP: 24/24 MP: 4/4
   175 | D:1      | Reached skill level 1 in Unarmed Combat
   838 | D:2      | Reached XP level 3. HP: 31/31 MP: 5/5
   940 | D:2      | Found a radiant altar of Vehumet.
   941 | D:2      | Found an iron altar of Okawaru.
  1272 | D:2      | Reached XP level 4. HP: 39/39 MP: 6/6
  1576 | D:2      | Reached XP level 5. HP: 45/45 MP: 7/7
  2200 | D:4      | Found a stormy altar of Qazlal.
  2355 | D:4      | Found a shimmering blue altar of Sif Muna.
  2526 | D:4      | Found a large runed translucent door.
  2526 | D:4      | Found a large runed translucent door.
  2538 | D:4      | Noticed Lanoc's ghost (amateur PaBe)
  2901 | D:4      | Reached XP level 6. HP: 53/53 MP: 8/8
  3033 | D:5      | Entered Level 5 of the Dungeon
  3203 | D:5      | Noticed Ijyb
  3222 | D:5      | Killed Ijyb
  3306 | D:5      | Found a shattered altar of Ashenzari.
  3310 | D:5      | Found a glowing golden altar of the Shining One.
  3314 | D:5      | Became a worshipper of Ashenzari the Shackled
  3730 | D:6      | Noticed an orc warrior
  3746 | D:6      | Found a staircase to the Ecumenical Temple.
  3770 | D:6      | Mangled by an orc warrior

Illustrated notes

Levels and vault maps discovered:
D:1:      lightli_arrival_chessboard, layout_basic
D:2:      layout_loops_ring, kennysheep_okawaru_gauntlet, lemuel_crystal_altar
D:3:      layout_rooms
D:4:      minmay_diamond_boxcup, layout_basic, lemuel_crystal_altar,
          ebering_ghost_disaster_area, grunt_qazlal_clouds
D:5:      layout_loops_ring, grunt_temple_overflow_open, uniq_ijyb
D:6:      kennysheep_spiral_hall, layout_rooms, minmay_temple_entry_tees,
          serial_shops, nicolae_shop_overgrown_old_shop,
          uniq_crazy_yiuf_cottage, uniq_edmund, uniq_menkaure

Skill      XL: |  1  2  3  4  5  6 |
---------------+-------------------+-----
Conjurations   | 1 2 3 |  3.1
Unarmed Combat | 1 2 3 |  3.9
Dodging        | 2 3 |  3.7
Stealth        | |  1.0
Spellcasting   | |  2.0
Summonings     | |  0.6
Translocations | |  0.6

Action                   |  1- 3 |  4- 6 || total
-------------------------+-------+-------++-------
Melee: Unarmed           |   140 |   234 ||   374
       Punch             |       |     1 ||     1
  Use: Scroll            |     2 |     3 ||     5
 Stab: Sleeping          |     1 |     9 ||    10
Armor: Robe              |    58 |    68 ||   126
Dodge: Dodged            |    73 |    95 ||   168

Table legend: (Time is in decaauts)
 A = Elapsed time spent in this place.
 B = Non-inter-level travel time spent in this place.
 C = Inter-level travel time spent in this place.
 D = Time resting spent in this place.
 E = Time spent auto-exploring this place.
 F = Levels seen in this place.
 G = Mean time per level.
                   A        B        C        D        E       F      G
               +--------+--------+--------+--------+--------+-----+--------+
         Total |   3751 |   3669 |     82 |    216 |   2511 |   6 |  625.2 |
       Dungeon |   3751 |   3669 |     82 |    216 |   2511 |   6 |  625.2 |
               +--------+--------+--------+--------+--------+-----+--------+

Top non-repeatable levels by time:
     D:4: 919 daAuts
     D:2: 834 daAuts
     D:1: 832 daAuts
     D:5: 692 daAuts
     D:3: 434 daAuts
     D:6: 39 daAuts
